 Dungeon Crawl Stone Soup version 0.18-a0-1774-gce1f7b6 (webtiles) character file.

9 M4edhros the Grave Robber (level 2, 0/17 HPs)
             Began as an Octopode Necromancer on Apr 15, 2016.
             Slain by an orc
             ... wielding a +0 hand axe
              (1 damage)
             ... on level 3 of the Dungeon.
             The game lasted 00:01:21 (350 turns).

M4edhros the Grave Robber (Octopode Necromancer)     Turns: 350, Time: 00:01:22

Health: 0/17       AC:  1    Str:  7    XL:     2   Next: 12%
Magic:  4/5        EV: 12    Int: 17    God:
Gold:   24         SH:  0    Dex: 12    Spells: 1 memorised, 4 levels left

rFire  . . .     SeeInvis .       - Unarmed
rCold  . . .     Gourm    .     (no shield)
rNeg   . . .     Faith    .     (helmet restricted)
rPois  .         Spirit   .     (no amulet)
rElec  .         Dismiss  .     (no ring)
rCorr  .         Reflect  .     (no ring)
SustAt .         Harm     .     (no ring)
MR     .....                    (no ring)
Stlth  +++.......               (no ring)
                                (no ring)
                                (no ring)
                                (no ring)

@: not resistant to hostile enchantments, fairly stealthy
A: almost no armour, amphibious, 8 rings, constrict 8, camouflage 1, gelatinous
body 1
a: no special abilities


You were on level 3 of the Dungeon.
You were not hungry.

You visited 1 branch of the dungeon, and saw 3 of its levels.

You collected 24 gold pieces.

Inventory:

Missiles
 h - 2 stones (quivered)
Scrolls
 c - a scroll of teleportation {unknown}
 d - a scroll of random uselessness {unknown}
 e - a scroll of identify {unknown}
 f - a scroll of amnesia {unknown}
 g - a scroll of immolation {unknown}
 k - a scroll of fog {unknown}
 l - a scroll of enchant weapon {unknown}
Potions
 i - a potion of degeneration {unknown}
Books
 a - a book of Necromancy

   Spells                             Type                      Level
   a - Pain                           Necromancy                   1
   b - Animate Skeleton               Necromancy                   1
   c - Vampiric Draining              Necromancy                   3
   d - Regeneration                   Charms/Necromancy            3
   e - Animate Dead                   Necromancy                   4
   f - Control Undead                 Necromancy                   4
Comestibles
 b - 2 bread rations
 j - 2 chunks of flesh


   Skills:
 - Level 2.0 Dodging
 - Level 2.6 Stealth
 + Level 1.7 Unarmed Combat
 - Level 2.0 Spellcasting
 - Level 4.0 Necromancy


You had 4 spell levels left.
You knew the following spells:

 Your Spells              Type           Power        Failure   Level  Hunger
a - Pain                  Necr           ###.         3%          1    #......


Dungeon Overview and Level Annotations

Branches:
Dungeon (3/15)

Altars:


Innate Abilities, Weirdness & Mutations

You cannot wear most types of armour.
You are amphibious.
You can wear up to eight rings at the same time.
You can use your tentacles to constrict eight enemies at once.
Your skin changes colour to match your surroundings (Stealth).
Your rubbery body absorbs attacks (AC +1).


Message History

There is a stone staircase leading down here.
Found a bread ration.
b - 2 bread rations (gained 1)
An orc comes into view. It is wielding a hand axe.
A giant newt comes into view.
The helpless orc fails to defend itself.
You tentacle-slap the orc. Your grab misses the orc.
The orc is lightly wounded.
The orc hits you with a hand axe.
* * * LOW HITPOINT WARNING * * *
You tentacle-slap the orc but do no damage.
Your grab misses the orc.
The orc is lightly wounded.
Casting: Pain
Confirm with . or Enter, or press ? or * to list all spells.
Aiming: Pain
Press: ? - help, Shift-Dir - straight line, f - orc
Aim: an orc, wielding a hand axe (lightly wounded, chance to defeat MR: 92%)
The orc convulses in agony!
The orc hits you with a hand axe.
You die...

..##
##.....##
##.....##
### ##...##
#.....# #
##+##
#.....# #
#.# #.....#
## ##.##
.....#
.######
##...##
......#
##.###.###
.####.###..#
##..## ##
#.##.###
#8.@8#
#....#
#...o.#
####.##
###..##
##.## ..l.
##.####..##
##.# ....
### #..#
....


You could see an orc and a giant newt.

Vanquished Creatures
  A giant cockroach (D:1)
  A hobgoblin (D:3)
  A jackal (D:2)
  2 bats (D:2)
  3 kobolds
  A rat (D:1)
9 creatures vanquished.

Notes
Turn   | Place    | Note
--------------------------------------------------------------
     0 | D:1      | M4edhros the Octopode Necromancer began the quest for the Orb.
     0 | D:1      | Reached XP level 1. HP: 11/11 MP: 3/3
   124 | D:1      | Reached skill level 1 in Unarmed Combat
   208 | D:2      | Reached XP level 2. HP: 8/17 MP: 3/5
   267 | D:3      | Found a faded altar to an unknown god.
   350 | D:3      | Slain by an orc

Vault maps used:
D:1:      matt_arrival_spirals
D:2:      trog_three_pillars_becter, uniq_sigmund
D:3:      minitemple, first_bread, ecumenical_altar_2,
          kennysheep_generic_room_11

Skill      XL: |  1 |
---------------+----+-----
Unarmed Combat | 1 |  1.7
Dodging        | |  2.0
Stealth        | |  2.6
Spellcasting   | |  2.0
Necromancy     | |  4.0

Action                   || total
-------------------------++-------
Melee: Unarmed           ||    17
       Constrict         ||     4
       Tentacles         ||     3
 Cast: Pain              ||     9
 Stab: Sleeping          ||     2
Armor: Skin              ||     2
Dodge: Dodged            ||    17
